Map: Lightshade LE

Players

IIIIIIlllIII - Winner!

  • Race: Terran Terran
  • League: Diamond
  • Spawn Location: 11:00

HellbatKinG

  • Race: Terran Terran
  • League: Diamond
  • Spawn Location: 5:00

VOD

https://www.twitch.tv/videos/805281792

Description

Ketroc's turtle opener

Time

  • Played on: Nov. 16, 2020, 5:07 p.m.
  • Length: 4:55
Show
View Real Time Build Order
Export as new Build Order

IIIIIIlllIII Terran - Winner!

Build Orders:  

Get SALT Encoding   

  12  0:01  SCV  
  13  0:13  SCV  
  14  0:17  Supply Depot  
  14  0:25  SCV  
  15  0:39  SCV  
  15  0:42  Barracks  
  16  0:51  SCV  
  17  1:06  SCV  
  18  1:15  Command Center  
  18  1:18  SCV  
  19  1:28  Marine  
  19  1:30  Orbital Command  
  20  1:41  Bunker  
  20  1:48  Supply Depot  
  20  1:51  Marine  
  21  1:57  SCV  
  21  2:00  Bunker  
  22  2:09  Marine, SCV  
  22  2:10  Refinery  
  22  2:13  Refinery  
  24  2:25  Refinery  
  24  2:29  Marine  
  25  2:33  Refinery  
  25  2:34  SCV x2  
  25  2:37  Engineering Bay  
  27  2:46  SCV x2  
  29  2:58  SCV  
  30  2:59  Factory  
  30  3:00  SCV  
  31  3:10  SCV  
  32  3:13  SCV  
  33  3:20  Missile Turret  
  33  3:22  Missile Turret, SCV  
  33  3:26  Planetary Fortress  
  34  3:31  Hi-Sec Auto Tracking  
  34  3:34  SCV  
  35  3:44  Missile Turret  
  35  3:46  Missile Turret, SCV  
  36  3:48  Bunker  
  36  3:56  Starport  
  36  3:58  Factory Tech Lab, SCV  
  37  4:06  Missile Turret  
  37  4:08  SCV  
  38  4:10  SCV  
  38  4:15  Missile Turret  
  39  4:18  Missile Turret  
  39  4:20  SCV  
  39  4:23  SCV  
  41  4:32  Factory Tech Lab, SCV  
  41  4:35  SCV  
Show
View Real Time Build Order
Export as new Build Order

HellbatKinG Terran 

Build Orders:  

Get SALT Encoding   

  12  0:00  SCV  
  13  0:12  SCV  
  14  0:18  Supply Depot  
  14  0:24  SCV  
  15  0:40  SCV  
  15  0:41  Barracks  
  16  0:44  Refinery  
  16  0:52  SCV  
  16  0:54  Refinery  
  17  1:04  SCV  
  18  1:16  SCV  
  19  1:28  Reaper  
  19  1:30  Orbital Command  
  20  1:44  Factory  
  20  1:55  Supply Depot  
  20  1:59  SCV  
  21  2:02  Barracks Reactor  
  21  2:12  SCV  
  22  2:24  SCV  
  23  2:30  Factory Tech Lab, Command Center  
  23  2:36  SCV  
  24  2:38  Supply Depot  
  24  2:41  Marine x2  
  26  2:48  SCV  
  30  2:59  Marine x2  
  30  3:00  SCV  
  30  3:03  Cyclone  
  33  3:12  SCV  
  34  3:13  Starport  
  34  3:17  Marine x2  
  36  3:24  SCV  
  37  3:29  Supply Depot  
  37  3:35  Marine x2  
  39  3:41  SCV, Siege Tank  
  39  3:46  Orbital Command  
  43  3:52  Starport Tech Lab  
  44  3:55  SCV  
  44  3:56  Marine x2  
  46  4:04  Orbital Command  
  46  4:07  SCV  
  47  4:10  Raven  
  48  4:37  SCV x2  
Tags
 
Matchup
TvT
Race
Terran
Spawn Locations
Cross Positions
Add a new tag
Caveats
  • Supply blocks, unpowered buildings, or Contaminate may cause inaccurate times.
  • Supply counts are checked every 10 seconds.